 Dungeon Crawl Stone Soup version 0.27-a0-216-g1fbed8a51c (webtiles) character file.

Game seed: 1777159363168252354

2821 lmSkywalker the Archer (level 9, -2/71 HPs)
             Began as a Gnoll Wanderer on Jan 28, 2021.
             Was a Believer of Okawaru.
             Slain by a boulder beetle (36 damage)
             ... on level 9 of the Dungeon on Jan 31, 2021.
             The game lasted 00:47:33 (9330 turns).

lmSkywalker the Archer (Gnoll Wanderer)             Turns: 9330, Time: 00:47:33

Health: -2/71      AC: 15    Str: 14    XL:     9   Next: 73%
Magic:  15/15      EV: 14    Int: 12    God:    Okawaru [**....]
Gold:   376        SH:  6    Dex: 12    Spells: 17/17 levels left

rFire    + . .     SeeInvis .   Q - +3 spear (venom)
rCold    . . .     Faith    .   J - +0 buckler
rNeg     . . .     Spirit   .   c - +3 scale mail
rPois    .         Reflect  .   D - +2 hat
rElec    .         Harm     .   (no cloak)
rCorr    .         Rampage  .   F - +0 pair of gloves
Will     +....                  (no boots)
Stlth    +++.......             k - amulet of magic regeneration
HPRegen  0.21/turn              z - ring of willpower
MPRegen  0.39/turn              r - ring of protection from fire

@: heroism
A: distributed training, fangs 1, strong nose
a: Renounce Religion, Heroism


You were on level 9 of the Dungeon.
You worshipped Okawaru.
Okawaru was pleased with you.
You visited 2 branches of the dungeon, and saw 10 of its levels.

You collected 376 gold pieces.

Inventory:

Hand Weapons
 a - a +0 shortbow
 b - a +3 whip of draining
 y - a +5 antimagic dagger
 K - a +2 whip of electrocution
 O - a +2 war axe of flaming
 Q - a +3 spear of venom (weapon)
Missiles
 d - 100 arrows
 o - 305 stones (quivered)
 w - 10 poisoned darts
 I - a throwing net
Armour
 c - a +3 scale mail (worn)
 n - a +0 kite shield
 D - a +2 hat (worn)
 F - a +0 pair of gloves (worn)
 J - a +0 buckler (worn)
 L - a +0 chain mail of positive energy
Magical Staves
 t - an uncursed staff of cold
Jewellery
 k - an amulet of magic regeneration (around neck)
 r - a ring of protection from fire (right hand)
 v - an uncursed ring of protection from fire
 z - a ring of willpower (left hand)
 A - an uncursed ring of ice
Wands
 m - a wand of flame (8)
 x - a wand of mindburst (10)
 B - a wand of charming (7)
 H - a wand of iceblast (9)
Scrolls
 g - 5 scrolls of teleportation
 i - a scroll of blinking
 j - a scroll of fear {unknown}
 p - 5 scrolls of remove curse
 C - 2 scrolls of amnesia {unknown}
 E - a scroll of holy word {unknown}
 G - a scroll of fog
 N - a scroll of identify
 P - a scroll of magic mapping
Potions
 e - 4 potions of haste
 f - 4 potions of curing
 h - 3 potions of flight
 l - a potion of brilliance {unknown}
 q - 3 potions of berserk rage
 s - a potion of lignification {unknown}
 u - a potion of attraction {unknown}
 M - a potion of heal wounds {unknown}


   Skills:
 + Level 6.5(11.5) Fighting
 + Level 4.5(9.5) Short Blades
 + Level 4.5(9.5) Long Blades
 + Level 4.5(9.5) Axes
 + Level 4.5(9.5) Maces & Flails
 + Level 5.2(10.2) Polearms
 + Level 4.5(9.5) Staves
 + Level 4.5(9.5) Slings
 + Level 8.0(13.0) Bows
 + Level 4.5(9.5) Crossbows
 + Level 5.2(10.2) Throwing
 + Level 6.5(11.5) Armour
 + Level 4.5(9.5) Dodging
 + Level 5.1(10.1) Stealth
 + Level 4.5(9.5) Shields
 + Level 4.5(9.5) Unarmed Combat
 + Level 4.5 Spellcasting
 + Level 3.7 Conjurations
 + Level 3.7 Hexes
 + Level 3.7 Summonings
 + Level 3.7 Necromancy
 + Level 3.7 Translocations
 + Level 3.7 Transmutations
 + Level 3.7 Fire Magic
 + Level 3.7 Ice Magic
 + Level 3.7 Air Magic
 + Level 3.7 Earth Magic
 + Level 3.7 Poison Magic
 + Level 5.0 Invocations
 + Level 4.5 Evocations


You had 17 spell levels left.
You didn't know any spells.
Your spell library contained the following spells:

 Spells                   Type           Power        Failure   Level
 Animate Skeleton         Necr           22%          14%         1
 Apportation              Tloc           22%          14%         1
 Corona                   Hex            12%          14%         1
 Summon Small Mammal      Summ           44%          14%         1


Dungeon Overview and Level Annotations

Branches:
Dungeon (9/15)             Temple (1/1) D:5
   Lair: D:8-11         Orc: D:9-12

Altars:
Ashenzari
Cheibriados
Dithmenos
Elyvilon
Fedhas
Gozag
Hepliaklqana
Okawaru
Uskayaw
Wu Jian
Yredelemnul

Shops:
D:5 ?=[(}   D:8 *


Innate Abilities, Weirdness & Mutations

Your experience applies equally to all skills.
You have very sharp teeth.
Your uncanny sense of smell can sniff out nearby items.


Message History

The boulder beetle leaps!
The centaur warrior shoots an arrow.
The arrow barely misses you.
The centaur warrior shoots an arrow.
The arrow hits you but does no damage.
You reach to attack!
You hit the centaur warrior but do no damage.
The centaur warrior is poisoned.
The boulder beetle waves its antennae.
The boulder beetle curls into a ball and begins rolling!
The centaur warrior unwields a +0 longbow.
The centaur warrior hits you.
You are too injured to fight recklessly!
You hit the centaur warrior.
The centaur warrior looks as sick as possible!
The centaur warrior is lightly wounded.
You block the centaur warrior's attack.
The centaur warrior wields a +0 longbow.
The centaur warrior shoots an arrow.
You block the arrow. The boulder beetle hits you!!!
Ouch! That really hurt!
You die...

<.....# #....##. ∆
∆###. ......# #?..Bc.
###... ###...# #../..
#. ###....# #...#
#..#.###... ###....###
#...#
#..#.#....###....###..
#...#
#.°.....###....###....
#...#
#.°...###....###....#.
#####
#.#°###....###....###†
#.#○#@...###....###...
∆
#...B.........###.....
#.############# ######
#.. ∆ #..# .... +#...
.## .. ∆ ∆


You could see a boulder beetle (very poisoned).

Vanquished Creatures
  Grinder (D:4)
  A wraith (D:9)
  A vampire mosquito (D:9)
  A water moccasin (D:8)
  2 orc warriors (D:8)
  2 ice beasts
  A phantom (D:4)
  2 ogres (D:8)
  A centaur (D:6)
  3 bullfrogs
  A water moccasin zombie (D:6)
  2 wights (D:8)
  A killer bee (D:7)
  2 howler monkeys
  A centaur zombie (D:5)
  A bullfrog zombie (D:8)
  3 hounds
  A jelly (D:5)
  10 orc wizards
  3 orc priests
  A bullfrog skeleton (D:3)
  Ijyb (D:3)
  6 worker ants
  An iguana (D:6)
  A killer bee zombie (D:6)
  A hound zombie (D:8)
  4 gnolls (D:6)
  10 adders
  2 shadow imps
  2 white imps
  An ooze (D:6)
  An adder skeleton (D:8)
  2 worms
  A dart slug (D:1)
  6 leopard geckos
  26 orcs
  6 giant cockroaches
  5 hobgoblins
  4 jackals (D:3)
  2 quokkas
  3 ball pythons
  11 bats
  2 frilled lizards (D:1)
  7 goblins
  2 jackal skeletons
  6 kobolds
  A quokka zombie (D:8)
  12 rats
167 creatures vanquished.

Notes
Turn   | Place    | Note
-------+----------+-------------------------------------------
     0 | D:1      | lmSkywalker the Gnoll Wanderer began the quest for the Orb.
     0 | D:1      | lmSkywalker set off with the following items: a +0
                  | shortbow, a potion of curing, a +2 scale mail, 21 arrows
     0 | D:1      | Reached XP level 1. HP: 20/20 MP: 1/1
   283 | D:1      | Reached XP level 2. HP: 25/26 MP: 2/2
  1061 | D:1      | Reached XP level 3. HP: 26/31 MP: 3/3
  1397 | D:2      | Reached skill level 1 in Invocations
  1545 | D:2      | Reached skill level 1 in Short Blades
  1545 | D:2      | Reached skill level 1 in Long Blades
  1545 | D:2      | Reached skill level 1 in Axes
  1545 | D:2      | Reached skill level 1 in Maces & Flails
  1545 | D:2      | Reached skill level 1 in Staves
  1545 | D:2      | Reached skill level 1 in Slings
  1545 | D:2      | Reached skill level 1 in Crossbows
  1545 | D:2      | Reached skill level 1 in Dodging
  1545 | D:2      | Reached skill level 1 in Shields
  1545 | D:2      | Reached skill level 1 in Unarmed Combat
  1545 | D:2      | Reached skill level 1 in Spellcasting
  1545 | D:2      | Reached skill level 1 in Evocations
  1756 | D:2      | Reached XP level 4. HP: 38/38 MP: 5/5
  1966 | D:2      | Reached skill level 1 in Conjurations
  1966 | D:2      | Reached skill level 1 in Hexes
  1966 | D:2      | Reached skill level 1 in Summonings
  1966 | D:2      | Reached skill level 1 in Necromancy
  1966 | D:2      | Reached skill level 1 in Translocations
  1966 | D:2      | Reached skill level 1 in Transmutations
  1966 | D:2      | Reached skill level 1 in Fire Magic
  1966 | D:2      | Reached skill level 1 in Ice Magic
  1966 | D:2      | Reached skill level 1 in Air Magic
  1966 | D:2      | Reached skill level 1 in Earth Magic
  1966 | D:2      | Reached skill level 1 in Poison Magic
  2343 | D:3      | Noticed Ijyb
  2350 | D:3      | Killed Ijyb
  2351 | D:3      | Reached XP level 5. HP: 10/43 MP: 5/7
  2939 | D:3      | Reached XP level 6. HP: 36/50 MP: 8/8
  3244 | D:4      | Noticed Grinder
  3257 | D:4      | Killed Grinder
  3258 | D:4      | Reached skill level 5 in Fighting
  3258 | D:4      | Reached skill level 5 in Armour
  3258 | D:4      | Reached XP level 7. HP: 45/56 MP: 2/10
  3573 | D:4      | Reached skill level 7 in Bows
  4303 | D:5      | Entered Level 5 of the Dungeon
  4303 | D:5      | Found Hosicro's Weapon Boutique.
  4303 | D:5      | Found a broken altar of Ashenzari.
  4316 | D:5      | Upgraded the game from 0.27-a0-170-g607d9e9d85 to
                  | 0.27-a0-216-g1fbed8a51c
  4726 | D:5      | Found Ahetzor's Magic Scroll Boutique.
  4927 | D:5      | Found a staircase to the Ecumenical Temple.
  4950 | Temple   | Entered the Ecumenical Temple
  4973 | Temple   | Became a worshipper of Warmaster Okawaru
  5014 | D:5      | Reached XP level 8. HP: 63/63 MP: 12/12
  5021 | D:5      | Found Zilez's Jewellery Emporium.
  5028 | D:5      | Found Faav's Antique Armour Emporium.
  5196 | D:5      | Found Emuimn's Gadget Shop.
  5283 | D:5      | Found an ornate altar of the Wu Jian Council.
  6200 | D:6      | Found a basalt altar of Yredelemnul.
  6542 | D:6      | You fall into a shaft and drop 2 floors!
  6577 | D:7      | Reached * piety under Okawaru
  7676 | D:8      | Reached XP level 9. HP: 69/69 MP: 14/14
  8264 | D:8      | Found Tierat's Serpentskin Sales.
  8280 | D:8      | Reached ** piety under Okawaru
  8281 | D:8      | Reached skill level 5 in Polearms
  8281 | D:8      | Reached skill level 5 in Throwing
  8693 | D:8      | Reached skill level 5 in Stealth
  9120 | D:9      | Reached skill level 8 in Bows
  9212 | D:9      | Reached skill level 5 in Invocations
  9306 | D:9      | Noticed a centaur warrior
  9306 | D:9      | Noticed a boulder beetle
  9330 | D:9      | Slain by a boulder beetle

Illustrated notes

Levels and vault maps discovered:
D:1:      onia_arrival_pentagram, layout_basic, nrook_campfire
D:2:      layout_rooms
D:3:      layout_basic, serial_glass, glass_columns_a, glass_columns_c,
          uniq_ijyb
D:4:      layout_loops_corners, uniq_grinder
D:5:      layout_gridville, lemuel_doored_altar, minmay_temple_entry_overgrown,
          serial_shops, kennysheep_little_box, shop_statue, shop,
          nicolae_shop_trees, nicolae_shop_stone, serial_glass, glass_columns_a,
          glass_columns_b, glass_columns_c, glass_columns_a, nicolae_sextant,
          ashenzari_altar_1
D:6:      layout_basic, general_overflow_altar
D:7:      layout_rooms, enter_bailey_5
D:8:      layout_loops_cross, nicolae_ossuary_entry_ruins,
          minmay_curled_crystal, guppyfry_shop_venom
D:9:      minmay_tri_box, layout_stronghold, nicolae_lava_and_water,
          hangedman_decor_growths
Temple:   regret_index_temple_chain_breaker

Skill      XL: |  1  2  3  4  5  6  7  8  9 |
---------------+----------------------------+-----
Invocations    | 1 2 3 4 5 |  5.0
Short Blades   | 1 2 3 4 |  4.5
Long Blades    | 1 2 3 4 |  4.5
Axes           | 1 2 3 4 |  4.5
Maces & Flails | 1 2 3 4 |  4.5
Staves         | 1 2 3 4 |  4.5
Slings         | 1 2 3 4 |  4.5
Crossbows      | 1 2 3 4 |  4.5
Dodging        | 1 2 3 4 |  4.5
Shields        | 1 2 3 4 |  4.5
Unarmed Combat | 1 2 3 4 |  4.5
Spellcasting   | 1 2 3 4 |  4.5
Evocations     | 1 2 3 4 |  4.5
Conjurations   | 1 2 3 |  3.7
Hexes          | 1 2 3 |  3.7
Summonings     | 1 2 3 |  3.7
Necromancy     | 1 2 3 |  3.7
Translocations | 1 2 3 |  3.7
Transmutations | 1 2 3 |  3.7
Fire Magic     | 1 2 3 |  3.7
Ice Magic      | 1 2 3 |  3.7
Air Magic      | 1 2 3 |  3.7
Earth Magic    | 1 2 3 |  3.7
Poison Magic   | 1 2 3 |  3.7
Polearms       | 3 4 5 |  5.2
Throwing       | 3 4 5 |  5.2
Stealth        | 3 4 5 |  5.1
Fighting       | 5 6 |  6.5
Armour         | 5 6 |  6.5
Bows           | 7 8 |  8.0

Action                   |  1- 3 |  4- 6 |  7- 9 || total
-------------------------+-------+-------+-------++-------
Melee: Club              |    52 |       |       ||    52
       Bite              |    14 |     3 |    40 ||    57
       Whip              |    71 |    94 |   412 ||   577
       Punch             |       |     1 |     3 ||     4
       Dagger            |       |    10 |       ||    10
       Spear             |       |       |     7 ||     7
 Fire: Shortbow          |     9 |     5 |    80 ||    94
Throw: Stone             |    25 |    24 |    86 ||   135
Invok: Heroism           |       |       |     4 ||     4
  Use: Scroll            |       |    11 |     7 ||    18
       Potion            |       |       |     1 ||     1
 Stab: Sleeping          |       |       |     4 ||     4
Armor: Scale mail        |    74 |    43 |   169 ||   286
Dodge: Dodged            |    65 |    46 |   194 ||   305
Block: Buckler           |       |       |    33 ||    33

Table legend: (Time is in decaauts)
 A = Elapsed time spent in this place.
 B = Non-inter-level travel time spent in this place.
 C = Inter-level travel time spent in this place.
 D = Time resting spent in this place.
 E = Time spent auto-exploring this place.
 F = Levels seen in this place.
 G = Mean time per level.
                   A        B        C        D        E       F      G
               +--------+--------+--------+--------+--------+-----+--------+
         Total |   9274 |   8819 |    455 |   2045 |   3474 |  10 |  927.4 |
       Dungeon |   9240 |   8794 |    446 |   2045 |   3459 |   9 | 1026.7 |
        Temple |     33 |     24 |      9 |      0 |     15 |   1 |   33.0 |
               +--------+--------+--------+--------+--------+-----+--------+

Top non-repeatable levels by time:
     D:8: 1691 daAuts
     D:6: 1512 daAuts
     D:1: 1384 daAuts
     D:3: 1205 daAuts
     D:5: 1095 daAuts
     D:4: 1052 daAuts
     D:2: 671 daAuts
     D:9: 389 daAuts
     D:7: 238 daAuts
  Temple: 33 daAuts
